 Dungeon Crawl Stone Soup version 0.17.1-1-g73c8601 (webtiles) character file.

32 Runnr the Skirmisher (level 3, -6/29 HPs)
             Began as a Demonspawn Chaos Knight on Jan 9, 2016.
             Killed from afar by Natasha (8 damage)
             ... with a magic dart
             ... on level 2 of the Dungeon.
             The game lasted 00:05:53 (799 turns).

Runnr the Skirmisher (Demonspawn Chaos Knight)       Turns: 799, Time: 00:05:53

Health: -6/29      AC:  6    Str:  9 (12) XL:     3   Next: 8%
Magic:  3/3        EV: 13    Int: 18      God:    Xom [..*...]
Gold:   37         SH:  0    Dex: 18      Spells: 0 memorised, 2 levels left

rFire  + . .     SeeInvis .       - Unarmed
rCold  . . .     Clarity  .     k - +3 scale mail {rF+}
rNeg   . . .     SustAt   .     (no shield)
rPois  .         Gourm    .     (helmet restricted)
rElec  .         Spirit   .     (no cloak)
rCorr  .         Warding  .     (no gloves)
rMut   .         Stasis   .     (no boots)
MR     .....                    (no amulet)
Stlth  +.........               (no ring)
                                (no ring)

@: brilliant, agile, slowed, very slow, not resistant to hostile enchantments,
very unstealthy
A: horns 1, deformed body, powered by pain 2, wild magic 1
a: Renounce Religion


You were on level 2 of the Dungeon.
You worshipped Xom.
You were a toy of Xom.
You were not hungry.

You visited 1 branch of the dungeon, and saw 2 of its levels.

You collected 37 gold pieces.

Inventory:

Armour
 k - a +3 scale mail of fire resistance (worn)
Scrolls
 g - a scroll of remove curse {unknown}
 h - a scroll of teleportation {unknown}
 i - a scroll of fear {unknown}
Comestibles
 b - 3 bread rations
 j - 2 chunks of flesh


   Skills:
 + Level 3.4 Fighting
 + Level 2.0 Armour
 + Level 1.1 Dodging
 + Level 3.3 Unarmed Combat


You had 2 spell levels left.
You didn't know any spells.

Dungeon Overview and Level Annotations

Branches:
Dungeon (2/15)

Altars:

Annotations:
D:2 Natasha


Innate Abilities, Weirdness & Mutations

You sometimes gain power by taking damage.
You have a pair of small horns on your head.
Armour fits poorly on your strangely shaped body.
Your spells are a little harder to cast, but a little more powerful.


Message History

Natasha claws you but does no damage.
Okay, then.
Drink which item? (? for menu, Esc to quit)
It was a potion of agility.
You feel agile all of a sudden.
The shadow imp disappears in a puff of smoke!
Natasha claws you!
* * * LOW HITPOINT WARNING * * *
Natasha closely misses you.
Drink which item? (? for menu, Esc to quit)
It was a potion of degeneration.
There was something very wrong with that liquid.
You feel weakened. Natasha claws you but does no damage.
The crimson imp blinks!
You hit Natasha.
Natasha is lightly wounded.
Natasha stares at you and mumbles some strange words.
The magic dart hits you!
You die...
Xom thinks this is hilarious!

##############.##.#####.#
#......)?...............#
#.##########.#.##.##....#
#.#..#..........#.##....#
##
.....#.#####.#..#.##....#
..# #....#
#........#.......# ...#
#....# #.###.#..####....#
....# #....# #
#.#..#####...#.....#
#....#
#....@h5...........#
#.<....
#.#.5#####...###...#
#.##.#.# ###.#..#####...#
#
........................#
#.#. ..#..########.......
#..# ##..#### #..# .....
##. ...### ....


You could see an iron imp, Natasha and a crimson imp.

Vanquished Creatures
  Terence (D:2)
  3 bats (D:1)
  A goblin (D:1)
  2 kobolds (D:1)
  2 rats (D:1)
9 creatures vanquished.

Notes
Turn   | Place    | Note
--------------------------------------------------------------
     0 | D:1      | Runnr the Demonspawn Chaos Knight began the quest for the Orb.
     0 | D:1      | Reached XP level 1. HP: 18/18 MP: 1/1
   680 | D:2      | Noticed Terence
   695 | D:2      | XOM: harmless Ice miscast
   701 | D:2      | XOM: potion effect (berserk rage)
   710 | D:2      | Killed Terence
   710 | D:2      | Reached skill level 1 in Dodging
   710 | D:2      | Gained mutation: You sometimes gain a little power by taking damage. [demonic ancestry]
   710 | D:2      | Reached XP level 2. HP: 24/24 MP: 2/2
   710 | D:2      | Gained mutation: You sometimes gain power by taking damage. [demonic ancestry]
   710 | D:2      | Reached XP level 3. HP: 29/29 MP: 3/3
   780 | D:2      | Noticed Natasha
   789 | D:2      | XOM: potion effect (brilliance)
   796 | D:2      | Gained mutation: Armour fits poorly on your strangely shaped body. [potion of mutation]
   796 | D:2      | Gained mutation: You have a pair of small horns on your head. [potion of mutation]
   796 | D:2      | Gained mutation: Your spells are a little harder to cast, but a little more powerful. [potion of mutation]
   799 | D:2      | Killed from afar by Natasha

Action                   || total
-------------------------++-------
Melee: Unarmed           ||    48
  Use: Potion            ||     3
